AoeStats
← _YigitPasha_

Arena

510569011Analyzed
1v1 RM · 24h ago on Oct 1, 2026· 44m 48s· 2 players
Game mode
Random Map
Map size
Tiny (2 player)
Population
200
Speed
Normal
Resources
Standard
Victory
Conquest
Starting age
Dark Age
Ending age
Imperial Age
RankedLock teamsTeams togetherTeam positionsShared explorationLock speedFull tech treeHidden civsTurbo modeCheats
Victory
Defeat
🇬🇧 Slavs · United Kingdom
1060
+16
🇹🇷 Teutons · Türkiye
1050
-16
_YigitPasha_
10:45 Feudal Age
14:55 Castle Age
12:46 Horse Collar
13:09 Double-Bit Axe
15:45 Loom
15:31 Man-at-Arms
16:54 Gambesons
20:10 Town Watch
24:27 Wheelbarrow
27:07 Bloodlines
26:46 Long Swordsman
28:48 Squires
28:59 Scale Mail Armor
29:10 Forging
34:21 Imperial Age
33:11 Gold Mining
33:36 Bow Saw
34:53 Two-Handed Swordsman
37:47 Chemistry
36:14 Cavalier
38:54 Scale Barding Armor
39:19 Hand Cart
38:45 Champion
StinkyNewt
10:32 Feudal Age
11:22 Double-Bit Axe
11:19 Horse Collar
16:58 Castle Age
19:42 Wheelbarrow
19:20 Bow Saw
22:07 Pikeman
23:38 Hand Cart
23:51 Scale Mail Armor
29:28 Imperial Age
27:38 Chain Mail Armor
29:48 Heavy Scorpion
33:47 Plate Mail Armor
33:52 Siege Engineers
34:33 Gold Mining
35:22 Forging
35:35 Fortified Wall
36:27 Chemistry
34:52 Onager
34:55 Capped Ram
36:09 Halberdier
37:31 Conscription
36:45 Light Cavalry
38:56 Iron Casting
41:31 Blast Furnace
40:37 Scale Barding Armor
40:23 Fletching
41:20 Gold Shaft Mining
40:38 Stone Mining
41:01 Masonry
41:13 Ballistics
42:00 Hussar
42:51 Bloodlines
42:41 Husbandry
42:50 Loom
43:32 Squires
45:11 Detinets
45:11 Druzhina
44:32 Elite Boyar
45:49 Hoardings
44:48 Siege Ram
Connection lost

Rejoining the realm…

Still unreachable

The connection could not be restored.

Session expired

The server has moved on; the page needs a fresh start.